 Dungeon Crawl Stone Soup version 0.25-a0-589-g1e14c549ee (webtiles) character file.

Game seed: 3014680561171432204, levelgen mode: deterministic

336 Kohma the Slasher (level 6, -8/48 HPs)
             Began as a Demonspawn Gladiator on Mar 11, 2020.
             Killed by divine providence
             ... invoked by an orc priest
              (15 damage)
             ... on level 4 of the Dungeon.
             The game lasted 00:08:01 (3129 turns).

Kohma the Slasher (Demonspawn Gladiator)            Turns: 3129, Time: 00:08:01

Health: -8/48      AC:  3    Str: 16    XL:     6   Next: 28%
Magic:  6/6        EV: 14    Int: 10    God:
Gold:   157        SH:  5    Dex: 14    Spells: 4/5 levels left

rFire    + . .     SeeInvis +   a - +0 long sword
rCold    . . .     Gourm    .   (no shield)
rNeg     . . .     Faith    .   b - +0 leather armour
rPois    .         Spirit   .   (helmet restricted)
rElec    .         Reflect  +   (no cloak)
rCorr    .         Harm     .   (no gloves)
MR       .....                  (no boots)
Stlth    +.........             j - +5 amulet of reflection
HPRegen  0.16/turn              t - ring of see invisible
MPRegen  0.10/turn              q - +1 ring of evasion

@: lethally poisoned (-8 -> -13)
A: horns 1, fire resistance 1
a: no special abilities


You were on level 4 of the Dungeon.
You were not hungry.

You visited 1 branch of the dungeon, and saw 4 of its levels.

You collected 157 gold pieces.

Inventory:

Hand Weapons
 a - a +0 long sword (weapon)
Missiles
 d - 3 throwing nets
 n - 26 poisoned darts (quivered)
 r - 8 silver boomerangs
Armour
 b - a +0 leather armour (worn)
 c - a +0 helmet
Jewellery
 g - a +3 ring of strength
 h - an uncursed ring of ice
 j - a +5 amulet of reflection (around neck)
 q - a +1 ring of evasion (right hand)
 t - a ring of see invisible (left hand)
Scrolls
 e - a scroll of blinking
 k - a scroll of remove curse
 o - 2 scrolls of identify
 s - 2 scrolls of immolation {unknown}
Potions
 l - a potion of stabbing {unknown}
 m - 5 potions of curing {unknown}
 p - 2 potions of lignification {unknown}
Comestibles
 f - 5 rations
 i - 5 chunks of flesh


   Skills:
 + Level 4.0 Fighting
 * Level 5.4 Long Blades
 - Level 1.7 Throwing
 - Level 3.0 Dodging
 * Level 0.6 Necromancy


You had 4 spell levels left.
You knew the following spells:

 Your Spells              Type           Power        Failure   Level  Hunger
a - Animate Skeleton      Necr           N/A          36%         1    ##.....

Your spell library contained the following spells:

 Spells                   Type           Power        Failure   Level  Hunger
 Apportation              Tloc           #.....       43%         1    ##.....
 Corona                   Hex            #......      43%         1    ##.....
 Summon Small Mammal      Summ           #...         43%         1    ##.....


Dungeon Overview and Level Annotations

Branches:
Dungeon (4/15)
 Temple: D:4-7

Altars:
Fedhas
Sif Muna
Trog


Innate Abilities, Weirdness & Mutations

You have a pair of small horns on your head.
Your flesh is heat resistant. (rF+)


Message History

You feel sick.
The orc priest looks braver for a moment.
The orc hits you but does no damage.
You hit the orc priest but do no damage.
The orc priest is heavily wounded.
You feel sick. You block the orc priest's attack. The orc closely misses you.
The orc wizard mumbles some strange words.
The orc wizard blinks!
You barely miss the orc priest.
The orc priest is heavily wounded.
The orc priest invokes the aid of Beogh against you.
Pain shoots through your body!
* * * LOW HITPOINT WARNING * * *
You block the orc's attack.
You closely miss the orc priest.
The orc priest is heavily wounded.
You feel sick.
The orc priest mumbles some strange prayers to Beogh against you.
Beogh smites you!
You die...

## .# .#### ....##
.##..# # ####.##
###########.# # #..#
#....##@o...# # ##.#
#....##o###.#
#####.####....##o..#
#
.........'....'.>#.#
#####.####.÷..##.#.#
# #.# #....##.# §
#.# #....##.# #. #..
#....##.# .. ##.
#######.# [.


You could see an orc priest and 2 orcs.

Vanquished Creatures
  A scorpion (D:4)
  3 orc wizards
  An iguana (D:4)
  2 worker ants
  2 adders (D:2)
  An adder skeleton (D:4)
  3 dart slugs
  2 leopard geckos
  14 orcs
  10 giant cockroaches
  10 goblins
  8 hobgoblins
  2 quokkas (D:2)
  A ball python (D:1)
  6 bats
  6 frilled lizards
  8 kobolds
  12 rats
92 creatures vanquished.

Notes
Turn   | Place    | Note
-------+----------+-------------------------------------------
     0 | D:1      | Kohma the Demonspawn Gladiator began the quest for the Orb.
     0 | D:1      | Reached XP level 1. HP: 16/16 MP: 1/1
    61 | D:1      | Reached skill level 3 in Long Blades
    63 | D:1      | Gained mutation: Your flesh is heat resistant. (rF+)
                  | [demonic ancestry]
    63 | D:1      | Reached XP level 2. HP: 21/22 MP: 2/2
   675 | D:1      | Gained mutation: You have a pair of small horns on your
                  | head. [demonic ancestry]
   675 | D:1      | Reached XP level 3. HP: 27/28 MP: 3/3
  1152 | D:2      | Reached XP level 4. HP: 34/34 MP: 4/4
  1180 | D:2      | Found a shimmering blue altar of Sif Muna.
  1429 | D:2      | Reached skill level 4 in Long Blades
  1884 | D:3      | Reached XP level 5. HP: 17/41 MP: 5/5
  2335 | D:3      | Found a blossoming altar of Fedhas.
  2758 | D:4      | Reached skill level 5 in Long Blades
  2775 | D:4      | Reached XP level 6. HP: 28/48 MP: 6/6
  3013 | D:4      | Noticed a moth of wrath
  3015 | D:4      | Found a bloodstained altar of Trog.
  3088 | D:4      | Learned a level 1 spell: Animate Skeleton
  3129 | D:4      | Killed from afar by an orc priest

Levels and vault maps discovered:
D:1:      ncdulo_halloftheorcs, layout_basic
D:2:      layout_loops_ring, nicolae_overflow_hidden_temple, serial_rivers,
          chequers_serial_rivers_micro_b, chequers_serial_rivers_marsh,
          chequers_serial_rivers_micro_b, chequers_serial_rivers_micro_b,
          nrook_campfire
D:3:      layout_rooms, first_ration, fedhas_altar_4
D:4:      layout_basic, tgw_trog, minmay_temple_entry_enclosed_plants,
          enter_ossuary_4

Skill      XL: |  1  2  3  4  5  6 |
---------------+-------------------+-----
Long Blades    | 3 4 5 |  5.4
Dodging        | 3 |  3.0
Fighting       | 3 4 |  4.0
Throwing       | |  1.7
Necromancy     | |  0.6

Action                   |  1- 3 |  4- 6 || total
-------------------------+-------+-------++-------
Melee: Long sword        |   101 |   116 ||   217
       Headbutt          |     9 |    25 ||    34
Throw: Dart              |     6 |    12 ||    18
  Use: Scroll            |       |     3 ||     3
 Stab: Sleeping          |     1 |       ||     1
  Eat: Chunk             |     1 |     6 ||     7
Armor: Leather armour    |    24 |    22 ||    46
Dodge: Dodged            |    80 |    79 ||   159
Block: Other             |       |    17 ||    17
       Rpst.: Long sword |    31 |    23 ||    54

Table legend:
 A = Non-vault XP
 B = Vault XP
 C = Vault XP percentage of total XP
 D = Non-vault monster count
 E = Vault monster count
 F = Vault count percentage of total count
                 A         B        C        D         E       F
            +---------+---------+-------+---------+---------+-------
      Total |     477 |       3 |   0.6 |      89 |       3 |   3.3
            +---------+---------+-------+---------+---------+-------
        D:1 |      48 |       0 |   0.0 |      31 |       0 |   0.0
        D:2 |     116 |       0 |   0.0 |      28 |       0 |   0.0
        D:3 |     143 |       0 |   0.0 |      16 |       0 |   0.0
        D:4 |     170 |       3 |   1.7 |      14 |       3 |  17.6
            +---------+---------+-------+---------+---------+-------
